 Dungeon Crawl Stone Soup version 0.28-a0-883-gc8d7bad45d (webtiles) character file.

Game seed: 1379918199982679371

13 funkygono the Cutter (level 2, 0/25 HPs)
             Began as a Djinni Cinder Acolyte on Nov 21, 2021.
             Was a High Priest of Ignis.
             Slain by a quokka (3 damage)
             ... on level 1 of the Dungeon.
             The game lasted 00:01:31 (587 turns).

funkygono the Cutter (Djinni Cinder Acolyte)         Turns: 587, Time: 00:01:31

Health: 0/25       AC:  2    Str: 13    XL:     2   Next: 50%
Gold:   54         EV: 11    Int: 15    God:    Ignis [*****.] SH:  0 Dex:  8

rFire   + + +      SeeInvis .   a - -1 short sword (flame)
rCold   x . .      Faith    .   (no shield)
rNeg    . . .      Spirit   .   b - +0 robe
rPois   ∞          Reflect  .   (no helmet)
rElec   .          Harm     .   (no cloak)
rCorr   .          Rampage  .   (no gloves)
Will    .....                   (boots unavailable)
Stlth   +.........              (no amulet)
HPRegen 0.08/turn               (no ring)
MPRegen 0.00/turn               (no ring)

@: flying
A: sickness immunity, fire resistance 2, cold vulnerability 1, float, innate
caster, hp casting, extra vitality 1
a: Renounce Religion, Sea of Fire, Foxfire Swarm, Rising Flame


You were on level 1 of the Dungeon.
You worshipped Ignis.
Ignis was extremely pleased with you.
You visited 1 branch of the dungeon, and saw 1 of its levels.

You collected 54 gold pieces.

Inventory:

Hand Weapons
 a - a -1 short sword of flaming (weapon)
Missiles
 d - 57 stones
Armour
 b - a +0 robe (worn)
Scrolls
 c - a scroll of enchant armour {unknown}
Potions
 e - 2 potions of resistance {unknown}


   Skills:
 + Level 3.0 Fighting
 + Level 3.2 Short Blades
 + Level 2.5 Spellcasting


You had 4 spell levels left.
You knew the following spells:

 Your Spells              Type           Power      Damage    Failure   Level
a - Scorch                Fire           18%        2d6       11%         2
Your spell library was empty.

Dungeon Overview and Level Annotations

Branches:
Dungeon (1/15)

Altars:


Innate Abilities, Weirdness & Mutations

You are immune to sickness and miasma.
You are immune to poison.
Your flesh is very heat resistant. (rF++)
You are vulnerable to cold. (rC-)
You float through the air rather than walking.
You learn spells naturally, not from books.
Your magical power is your life essence.
You have superior vitality. (+4 HP)


Message History

You see here a +0 scale mail.
A bat comes into view.
A bat is nearby!
A frilled lizard and a quokka come into view.
Found 2 javelins.
The bat closely misses you.
The quokka moves out of view.
A rat, a goblin and a kobold come into view.
The goblin shouts!
The kobold shouts!
The bat hits you but does no damage. The bat hits you.
The quokka twitches its whiskers.
The quokka bites you. The quokka bites you. The quokka misses you.
The quokka bites you.
You hit the quokka but do no damage. The quokka bites you.
You barely miss the quokka. The quokka bites you.
You hit the quokka but do no damage. The quokka bites you.
You barely miss the quokka. The quokka bites you.
* * * LOW HITPOINT WARNING * * *
You barely miss the quokka. The quokka misses you.
You hit the quokka. You burn the quokka.
The quokka is severely wounded.
The quokka bites you.
* * * LOW HITPOINT WARNING * * *
The quokka closely misses you. The quokka barely misses you.
Fires begin to smoulder around you!
The quokka bites you but does no damage.
Unknown command.
The fire ignites! x3; Something smothers the flame.
The fire ignites! x25
You smother the flame.
The fire ignites! x7
Really fly into that cloud of flame? [Y]es or [N]o only, please.
Really fly into that cloud of flame?
Okay, then.
The quokka bites you.
* * * LOW HITPOINT WARNING * * *
Unknown command.
The quokka bites you.
You die...

#....g.K...g#.#..#.#.#.#.###.#.#
#....######.#§#§.#.#.#.#.#...#.##
...[.'.# #r#§#§.#.#.#.#.#.#.#..<
#....#.# #K#§§§.#.#...#[#.#.#.##
######.# #.#§§§.#.#.###.#.#.#.#.
######.####r#§§☼##.#.# #...#.#...
.............§K§...#†# ###.###.#.
....#......#..#r####.# #P....#.#.
#...#......#..#§@§§§§#.#####...#.
#...#......#..########...†...#...
..............# ############
...†..........# ....#..#...#..#
....#_.#.(.#..# ###.#..#...#..#
[.....).......# ....######....#


You could see a quokka and a kobold.

Vanquished Creatures
  2 ball pythons (D:1)
  An endoplasm (D:1)
  A giant cockroach (D:1)
  A goblin (D:1)
  2 hobgoblins (D:1)
  A quokka (D:1)
  A bat (D:1)
  A frilled lizard (D:1)
  A rat (D:1)
11 creatures vanquished.

Notes
Turn   | Place    | Note
-------+----------+-------------------------------------------
     0 | D:1      | funkygono the Djinni Cinder Acolyte began the quest for the
                  | Orb.
     0 | D:1      | Reached XP level 1. HP: 20/20 MP: 0/0
   244 | D:1      | Reached XP level 2. HP: 22/25 MP: 0/0
   312 | D:1      | Found a faded altar of an unknown god.
   587 | D:1      | Slain by a quokka

Illustrated notes

Levels and vault maps discovered:
D:1:      onia_arrival_mini_maze, layout_basic,
          hellmonk_ecumenical_altar_lost_god, lexackson_kobold_supper

Skill      XL: |  1  2 |
---------------+-------+-----
Short Blades   | 3 |  3.2
Fighting       | |  3.0
Spellcasting   | |  2.5

Action                   || total
-------------------------++-------
Melee: Short sword       ||    40
Invok: Sea of Fire       ||     2
Armor: Robe              ||     5
Dodge: Dodged            ||    22

Table legend: (Time is in decaauts)
 A = Elapsed time spent in this place.
 B = Non-inter-level travel time spent in this place.
 C = Inter-level travel time spent in this place.
 D = Time resting spent in this place.
 E = Time spent auto-exploring this place.
 F = Levels seen in this place.
 G = Mean time per level.
                   A        B        C        D        E       F      G
               +--------+--------+--------+--------+--------+-----+--------+
         Total |    585 |    585 |      0 |      0 |    454 |   1 |  585.0 |
       Dungeon |    585 |    585 |      0 |      0 |    454 |   1 |  585.0 |
               +--------+--------+--------+--------+--------+-----+--------+

Top non-repeatable levels by time:
     D:1: 585 daAuts
